AoeStats
← owengold23

Arabia

504960234Analyzed
1v1 RM · 26d ago on Sep 7, 2026· 57m 46s· 2 players
Game mode
Random Map
Map size
Tiny (2 player)
Population
200
Speed
Normal
Resources
Standard
Victory
Conquest
Starting age
Dark Age
Ending age
Imperial Age
RankedLock teamsTeams togetherTeam positionsShared explorationLock speedFull tech treeHidden civsTurbo modeCheats
Victory
Defeat
🇻🇳 Saracens · Vietnam
1749
+11
🇦🇺 Byzantines · Australia
1645
-11
PomPom
4:50 Loom
9:15 Feudal Age
9:55 Man-at-Arms
13:45 Double-Bit Axe
16:23 Scale Mail Armor
17:49 Wheelbarrow
17:20 Horse Collar
19:10 Town Watch
22:56 Castle Age
20:59 Gold Mining
22:00 Forging
24:21 Gambesons
25:11 Bow Saw
25:19 Long Swordsman
26:16 Squires
27:31 Chain Mail Armor
29:52 Iron Casting
29:04 Arson
31:45 Fletching
36:41 Imperial Age
35:39 Heavy Plow
36:06 Bodkin Arrow
35:33 Elite Skirmisher
36:14 Padded Archer Armor
36:21 Light Cavalry
37:12 Bloodlines
37:03 Husbandry
38:03 Scale Barding Armor
38:45 Bracer
39:01 Leather Archer Armor
39:19 Ballistics
40:40 Chain Barding Armor
42:22 Blast Furnace
42:19 Plate Barding Armor
44:12 Plate Mail Armor
45:26 Ring Archer Armor
46:01 Stone Mining
48:45 Chemistry
48:16 Capped Ram
49:39 Hussar
50:46 Masonry
52:09 Counterweights
53:53 Hand Cart
53:33 Onager
54:57 Treadmill Crane
54:57 Siege Ram
55:58 Crossbowman
56:47 Thumb Ring
owengold23
5:53 Loom
8:58 Feudal Age
10:09 Double-Bit Axe
10:20 Horse Collar
14:48 Fletching
21:04 Wheelbarrow
24:42 Castle Age
22:57 Scale Mail Armor
23:00 Gold Mining
23:36 Padded Archer Armor
24:05 Forging
24:48 Pikeman
24:49 Elite Skirmisher
25:25 Bodkin Arrow
25:54 Bow Saw
26:34 Crossbowman
28:52 Hand Cart
29:38 Scale Barding Armor
32:31 Chain Barding Armor
40:53 Imperial Age
39:51 Thumb Ring
40:47 Heavy Plow
41:58 Ballistics
42:38 Chemistry
41:00 Arbalester
42:23 Bracer
42:38 Squires
43:23 Leather Archer Armor
43:18 Halberdier
45:07 Chain Mail Armor
47:17 Plate Mail Armor
47:50 Ring Archer Armor
49:33 Iron Casting
57:50 Crop Rotation
Connection lost

Rejoining the realm…

Still unreachable

The connection could not be restored.

Session expired

The server has moved on; the page needs a fresh start.